 Dungeon Crawl Stone Soup version 0.27-a0-1188-g73eefd5def (webtiles) character file.

Game seed: 5161625212833696140

37 siradein the Insei (level 3, -3/26 HPs)
             Began as a Demonspawn Transmuter on May 22, 2021.
             Slain by Sigmund
             ... wielding a +0 scythe
              (9 damage)
             ... on level 2 of the Dungeon.
             The game lasted 00:03:30 (1751 turns).

siradein the Insei (Demonspawn Transmuter)          Turns: 1751, Time: 00:03:30

Health: -3/26      AC:  2    Str: 11    XL:     3   Next: 23%
Magic:  5/6        EV: 12    Int: 14    God:
Gold:   56         SH:  0    Dex: 13    Spells: 3/6 levels left

rFire    . . .     SeeInvis .     - Unarmed
rCold    . . .     Faith    .   (no shield)
rNeg     . . .     Spirit   .   a - +0 robe
rPois    .         Reflect  .   (helmet currently unavailable)
rElec    .         Harm     .   (no cloak)
rCorr    .         Rampage  .   (no gloves)
Will     .....                  (boots currently unavailable)
Stlth    +.........             (no amulet)
HPRegen  0.08/turn              (no ring)
MPRegen  0.10/turn              (no ring)

@: appendages (expiring)
A: talons 2, horns 1, powered by pain 1
a: End Transformation


You were on level 2 of the Dungeon.
You had temporarily grown beastly talons.
You visited 1 branch of the dungeon, and saw 2 of its levels.

You collected 56 gold pieces.

Inventory:

Armour
 a - a +0 robe (worn)
Scrolls
 b - a scroll of fog {unknown}
 c - a scroll of vulnerability {unknown}
 d - 2 scrolls of silence {unknown}
 g - a scroll of torment {unknown}
 j - a scroll of amnesia {unknown}
 k - a scroll of magic mapping {unknown}
Potions
 e - a potion of haste {unknown}
 f - a potion of resistance {unknown}
 h - 3 potions of curing {unknown}
 i - a potion of magic {unknown}


   Skills:
 - Level 1.0 Fighting
 - Level 1.7 Dodging
 + Level 3.4 Unarmed Combat
 - Level 2.0 Spellcasting
 + Level 2.6 Transmutations


You had 3 spell levels left.
You knew the following spells:

 Your Spells              Type           Power      Damage    Failure   Level
a - Beastly Appendage     Tmut           16%        N/A       8%          1
b - Wereblood             Tmut           8%         N/A       12%         2

Your spell library contained the following spells:

 Spells                   Type           Power      Damage    Failure   Level
 Spider Form              Tmut/Pois      2%         N/A       38%         3
 Confusing Touch          Hex            1%         N/A       56%         3
 Gell's Gravitas          Tloc           0%         N/A       56%         3
 Ice Form                 Ice/Tmut       5%         N/A       80%         4
 Petrify                  Tmut/Erth      5%         N/A       80%         4
 Hydra Form               Tmut           4%         N/A       91%         5
 Yara's Violent Unravell  Hex/Tmut       2%         3d3       98%         5
 Metabolic Englaciation   Hex/Ice        0%         N/A       100%        5


Dungeon Overview and Level Annotations

Branches:
Dungeon (2/15)

Altars:

Shops:
D:1 =   D:2 ?

Annotations:
D:2 Sigmund


Innate Abilities, Weirdness & Mutations

You have temporarily grown beastly talons.
You have a pair of small horns on your head.
You sometimes gain a little power by taking damage.


Message History

d - 2 scrolls labelled VYADAX DOCSAUB (gained 1) Key pressed, stopping explore.
You enter the shallow water.
Moving in this stuff is going to be slow.
k - a scroll labelled QEDEDW YDDI
Found a ring mail.
You see here a +0 ring mail.
Sigmund the Dreaded comes into view.
He is wielding a +0 scythe and wearing a +0 robe of cold resistance.
Sigmund shouts!
Sigmund is nearby!
Sigmund is nearby!
Sigmund is nearby!
Sigmund is nearby!
Casting: Beastly Appendage (safe; 8% risk of failure)
Press: ? - help, Q - select action, (/) - cycle Dir - look around, f - activate Your feet morph into talons.
Sigmund hits you from afar with a +0 scythe!
Sigmund closely misses you.
You closely miss Sigmund. You headbutt Sigmund.
Sigmund is lightly wounded.
Sigmund casts a spell at you. The magic dart hits you!
You are too injured to fight recklessly!
You barely miss Sigmund. Your kick misses Sigmund.
Sigmund is lightly wounded.
Your transformation is almost over.
Sigmund hits you with a +0 scythe.
* * * LOW HITPOINT WARNING * * *
You closely miss Sigmund.
Sigmund is lightly wounded.
Sigmund says, "Your kind have come here before.
I understand now why.
You desire death..."
Sigmund gestures at you while chanting. The puff of flame misses you.
You barely miss Sigmund. Your kick misses Sigmund.
Sigmund is lightly wounded.
Sigmund barely misses you.
You closely miss Sigmund. You headbutt Sigmund, but do no damage.
Sigmund is lightly wounded.
Sigmund hits you with a +0 scythe!
You die...

### #.. # #.#
##. #.#
#.#..# #@#
#..... #@#
###### #.# ##
#.# #. #.#
#### ≈## ###.
#.#
#..##≈≈###...
#.#
#..#≈≈≈##...#
#.#
#..##≈≈≈#...#
#.#
#...≈≈≈≈≈P≈..
#.#
#..≈≈P≈≈≈≈.P.


You could see Sigmund.

Vanquished Creatures
  An adder (D:2)
  3 bats
  3 endoplasms
  A giant cockroach (D:2)
  A goblin (D:2)
  3 jackals (D:1)
  5 kobolds
  3 quokkas
  3 ball pythons (D:1)
  A frilled lizard (D:1)
  A rat (D:1)
25 creatures vanquished.

Vanquished Creatures (others)
  3 plants (D:2)
3 creatures vanquished.

Grand Total: 28 creatures vanquished

Notes
Turn   | Place    | Note
-------+----------+-------------------------------------------
     0 | D:1      | siradein the Demonspawn Transmuter began the quest for the
                  | Orb.
     0 | D:1      | Reached XP level 1. HP: 15/15 MP: 3/3
   342 | D:1      | Found a faded altar of an unknown god.
   344 | D:1      | Found Gubbiaq's Jewellery Shop.
   427 | D:1      | Reached skill level 3 in Unarmed Combat
   427 | D:1      | Gained mutation: You sometimes gain a little power by
                  | taking damage. [demonic ancestry]
   427 | D:1      | Reached XP level 2. HP: 18/21 MP: 3/5
  1127 | D:2      | Learned a level 2 spell: Wereblood
  1177 | D:2      | Mutation became permanent: You have a pair of small horns
                  | on your head. [demonic ancestry]
  1177 | D:2      | Gained mutation: You have a pair of horns on your head.
                  | [demonic ancestry]
  1177 | D:2      | Reached XP level 3. HP: 14/26 MP: 4/6
  1343 | D:2      | Found Viujout's Magic Scroll Shop.
  1742 | D:2      | Noticed Sigmund
  1751 | D:2      | Slain by Sigmund

Illustrated notes

Levels and vault maps discovered:
D:1:      lightli_arrival_flooded_house, layout_rooms, basic_ecumenical_altar,
          serial_shops, nicolae_shop_waterfront,
          wander_ebering_terrifying_dragon_lair
D:2:      minmay_wonky_spiral, layout_rooms, serial_shops, nicolae_shop_trees,
          chequers_big_river, uniq_sigmund

Skill      XL: |  1 |
---------------+----+-----
Transmutations | 2 |  2.6
Unarmed Combat | 3 |  3.4
Fighting       | |  1.0
Dodging        | |  1.7
Spellcasting   | |  2.0

Action                   || total
-------------------------++-------
Melee: Unarmed           ||    77
       Kick              ||    15
       Headbutt          ||     8
 Cast: Beastly Appendage ||    20
Armor: Robe              ||    10
Dodge: Dodged            ||    58

Table legend: (Time is in decaauts)
 A = Elapsed time spent in this place.
 B = Non-inter-level travel time spent in this place.
 C = Inter-level travel time spent in this place.
 D = Time resting spent in this place.
 E = Time spent auto-exploring this place.
 F = Levels seen in this place.
 G = Mean time per level.
                   A        B        C        D        E       F      G
               +--------+--------+--------+--------+--------+-----+--------+
         Total |   1750 |   1739 |     11 |      0 |   1544 |   2 |  875.0 |
       Dungeon |   1750 |   1739 |     11 |      0 |   1544 |   2 |  875.0 |
               +--------+--------+--------+--------+--------+-----+--------+

Top non-repeatable levels by time:
     D:1: 1109 daAuts
     D:2: 640 daAuts
